 Dungeon Crawl Stone Soup version 0.28-a0-57-g271197699b (webtiles) character file.

Game seed: 6454564735622221344

96 MacCMillion the Chopper (level 4, 19/37 HPs)
             Began as a Palentonga Fighter on July 30, 2021.
             Quit the game on level 5 of the Dungeon.
             The game lasted 00:03:51 (1997 turns).

MacCMillion the Chopper (Palentonga Fighter)        Turns: 1997, Time: 00:03:52

Health: 19/37      AC:  6    Str: 21    XL:     4   Next: 41%
Magic:  4/4        EV:  7    Int:  8    God:
Gold:   87         SH:  0    Dex:  9    Spells: 3/3 levels left

rFire   . . .      SeeInvis +   a - +0 war axe
rCold   . . .      Faith    .   (no shield)
rNeg    . . .      Spirit   .   b - +0 scale mail
rPois   .          Reflect  .   (no helmet)
rElec   .          Harm     .   (no cloak)
rCorr   .          Rampage  .   (no gloves)
Will    .....                   (no barding)
Stlth   ..........              (no amulet)
HPRegen 0.12/turn               (no ring)
MPRegen 0.09/turn               (no ring)

@: no status effects
A: large, rugged brown scales 3, see invisible, deformed body, roll 1, armoured
tail
a: Rolling Charge


You were on level 5 of the Dungeon.
You visited 1 branch of the dungeon, and saw 4 of its levels.

You collected 87 gold pieces.

Inventory:

Hand Weapons
 a - a +0 war axe (weapon)
Armour
 b - a +0 scale mail (worn)
 c - a +0 kite shield
Scrolls
 f - a scroll of teleportation {unknown}
 g - a scroll of identify {unknown}
 h - a scroll of fog {unknown}
Potions
 d - a potion of might
 e - 4 potions of curing {unknown}


   Skills:
 - Level 3.1 Fighting
 * Level 3.8 Axes
 - Level 2.5 Armour
 + Level 3.1 Shields


You had 3 spell levels left.
You didn't know any spells.
Your spell library was empty.

Dungeon Overview and Level Annotations

Branches:
Dungeon (3/15)

Altars:
Qazlal
Wu Jian
The Shining One


Innate Abilities, Weirdness & Mutations

You are completely covered in rugged brown scales. (AC +3, +7% HP)
You have supernaturally acute eyesight. (SInv)
Armour fits poorly on your strangely shaped body.
You can roll at nearby foes to attack.
You have a long armoured tail.


Message History

The adder is moderately wounded.
You feel sick. The adder bites you but does no damage. The adder bites you.
You barely miss the adder.
The adder is moderately wounded.
You feel sick. The adder barely misses you. The adder bites you.
You are more poisoned.
The adder poisons you!
You barely miss the adder. You tail-slap the adder.
The adder is heavily wounded.
You feel very sick. The adder barely misses you.
You barely miss the adder.
The adder is heavily wounded.
You feel sick. The adder closely misses you.
The adder bites you but does no damage.
You closely miss the adder.
The adder is heavily wounded.
You feel sick. The adder bites you. The adder bites you but does no damage.
You slash the adder!
You kill the adder!
You feel sick.
No target in view!
You feel sick.
You feel sick.
You are no longer poisoned.
HP restored.
You see here an adder corpse.
You open the door.
There is an open door here.
h - a scroll labelled YLANNOI BEUWNE
Found a stone staircase leading up.
An ogre comes into view. It is wielding a +0 giant spiked club.
There is an open door here.
Found 22 stones.
You see here 22 stones.
The ogre barely misses you.
You see here 22 stones.
The ogre hits you with a +0 giant spiked club!!
Ouch! That really hurt!
Are you sure you want to abandon this character and quit the game? (Confirm with "yes".)

#.#.#.#.....# #
#.#.#.#.....#
#.#.#.#.#.....###
#.#.#.#.'.......#
#.....###.....#.#
###...# #.....#.#
#...# #.....# #
#..O###.....#
#...@.†.....# .
#..########## ..
#..........
...####.###.....
..........# ###
........#.#
....#.....# .##
#.##### ...


You could see an ogre.

Vanquished Creatures
  A hound (D:2)
  A gnoll (D:1)
  3 adders
  A worm (D:2)
  A dart slug (D:2)
  3 ball pythons
  An endoplasm (D:1)
  A giant cockroach (D:1)
  2 hobgoblins
  2 jackals (D:1)
  2 quokkas
  A bat (D:2)
  4 frilled lizards
  A goblin (D:1)
  4 kobolds (D:1)
  3 rats (D:1)
31 creatures vanquished.

Notes
Turn   | Place    | Note
-------+----------+-------------------------------------------
     0 | D:1      | MacCMillion the Palentonga Fighter began the quest for the
                  | Orb.
     0 | D:1      | Reached XP level 1. HP: 19/19 MP: 1/1
   181 | D:1      | Reached XP level 2. HP: 25/25 MP: 2/2
  1002 | D:2      | Found an ornate altar of the Wu Jian Council.
  1015 | D:2      | Reached XP level 3. HP: 10/31 MP: 3/3
  1550 | D:2      | Reached XP level 4. HP: 31/37 MP: 4/4
  1571 | D:3      | Found a stormy altar of Qazlal.
  1571 | D:3      | Found a glowing golden altar of the Shining One.
  1774 | D:3      | You fall into a shaft and drop 2 floors!
  1774 | D:5      | Entered Level 5 of the Dungeon
  1956 | D:5      | Noticed an ogre
  1997 | D:5      | Quit the game

Illustrated notes

Levels and vault maps discovered:
D:1:      dpeg_arrival_oval, layout_basic
D:2:      layout_basic, basic_altar, shapermc_ecumenical_altar_notcrosses,
          uniq_terence
D:3:      layout_basic, yredelemnul_forgotten_temple_becter,
          chequers_temple_overflow_statue_of_worship, minitemple, serial_shops,
          shop, uniq_grinder
D:5:      layout_basic, cheibriados_altar_1, minmay_temple_entry_stoned_glass,
          ebering_ghost_rock_garden

Skill      XL: |  1  2  3 |
---------------+----------+-----
Axes           | 3 |  3.8
Shields        | 3 |  3.1
Fighting       | |  3.1
Armour         | |  2.5

Action                   |  1- 3 |  4- 6 || total
-------------------------+-------+-------++-------
Melee: War axe           |    98 |    10 ||   108
       Tailslap          |    10 |     3 ||    13
 Abil: Rolling Charge    |     2 |     1 ||     3
Armor: Scale mail        |    55 |     4 ||    59
Dodge: Dodged            |    42 |     4 ||    46

Table legend: (Time is in decaauts)
 A = Elapsed time spent in this place.
 B = Non-inter-level travel time spent in this place.
 C = Inter-level travel time spent in this place.
 D = Time resting spent in this place.
 E = Time spent auto-exploring this place.
 F = Levels seen in this place.
 G = Mean time per level.
                   A        B        C        D        E       F      G
               +--------+--------+--------+--------+--------+-----+--------+
         Total |   2035 |   2027 |      8 |    193 |   1530 |   4 |  508.8 |
       Dungeon |   2035 |   2027 |      8 |    193 |   1530 |   4 |  508.8 |
               +--------+--------+--------+--------+--------+-----+--------+

Top non-repeatable levels by time:
     D:1: 964 daAuts
     D:2: 642 daAuts
     D:5: 225 daAuts
     D:3: 202 daAuts
